 Dungeon Crawl Stone Soup version 0.13.0-18-g7b03ea5 (webtiles) character file.

189 Ragg the Cudgeler (level 4, -1/29 HPs)
             Began as a Gargoyle Berserker on Oct 23, 2013.
             Was a Believer of Trog.
             Slain by an adder (3 damage)
             ... on Level 3 of the Dungeon.
             The game lasted 00:09:59 (1905 turns).

Ragg the Cudgeler (Gargoyle Berserker)              Turns: 1905, Time: 00:10:00

HP  -1/29        AC 12     Str 22      XL: 4   Next: 92%
MP   3/3         EV  9     Int  7      God: Trog [**....]
Gold 78          SH  0     Dex 13      Spells:  0 memorised,  3 levels left

Res.Fire  : x . .   See Invis. : .   a - +0 mace
Res.Cold  : + . .   Warding    : .   h - +1 dwarf scale mail (curse)
Life Prot.: + . .   Conserve   : +   (no shield)
Res.Poison: +       Res.Corr.  : .   (no helmet)
Res.Elec. : +       Clarity    : .   (no cloak)
Sust.Abil.: . .     Spirit.Shd : .   (no gloves)
Res.Mut.  : .       Stasis     : .   (no boots)
Res.Rott. : +       Flight     : .   k - amulet of conservation
Saprovore : . . .                    b - +4 ring of dexterity
                                     d - cursed ring of ice

@: slightly resistant to hostile enchantments, extremely unstealthy
A: fangs 1, talons 2, life protection 1, electricity resistance, slow metabolism
1, unbreathing, petrification resistance, AC +3
a: Burn Spellbooks, Berserk, Trog's Hand, Renounce Religion


You were on level 3 of the Dungeon.
You worshipped Trog.
Trog was pleased with you.
You were very hungry.

You visited 1 branch of the dungeon, and saw 3 of its levels.

You collected 58 gold pieces.

Inventory:

Hand weapons
 a - a +0,+0 mace (weapon)
Armour
 h - a cursed +1 dwarven scale mail (worn)
Comestibles
 c - 2 bread rations
 f - a beef jerky
Scrolls
 l - a scroll of noise {unknown}
Jewellery
 b - a +4 ring of dexterity (right hand)
 d - a cursed ring of ice (left hand)
 k - an amulet of conservation (around neck)
Potions
 e - a potion of confusion
 g - 3 potions of curing
 i - 2 potions of speed {unknown}
 j - a potion of heal wounds {unknown}


   Skills:
 + Level 4.1 Fighting
 + Level 4.4 Maces & Flails
 + Level 3.2 Armour
 + Level 2.0 Dodging
 + Level 0.2 Stealth


You had 3 spell levels left.
You didn't know any spells.

Dungeon Overview and Level Annotations

Branches:
Dungeon (3/27)

Altars:
Yredelemnul


Innate Abilities, Weirdness & Mutations

You are resistant to torment.
You are immune to poison.
Your stone body is very resilient (AC +3).
You have very sharp teeth.
You have razor-sharp toenails.
You resist negative energy.
You are resistant to electric shocks.
You have a slow metabolism.
You can survive without breathing.
You are immune to petrification.


Message History

The adder bites you but does no damage. The adder barely misses you.
The adder closely misses you. The adder bites you but does no damage.
The adder bites you.
* * * LOW HITPOINT WARNING * * *
The adder bites you.
* * * LOW HITPOINT WARNING * * *
The adder closely misses you. The adder bites you.
* * * LOW HITPOINT WARNING * * *
The adder bites you.
* * * LOW HITPOINT WARNING * * *
The adder closely misses you. The adder bites you but does no damage.
The adder closely misses you. The adder bites you but does no damage.
The adder bites you but does no damage. The adder bites you but does no damage.
The adder bites you but does no damage. The adder bites you.
You die...

. .....#############
.......S@........######
.....###########>.....#
. #.####.# #.# #.# #[#
#.# #.####.# #......#
#.###### #.#


You could see an adder.

Vanquished Creatures
  An orc wizard (D:3)
  3 adders (D:2)
  A worm (D:2)
  6 orcs (D:3)
  A bat (D:2)
  A giant cockroach (D:2)
  3 hobgoblins
  6 kobolds
  A quokka (D:2)
  A giant gecko (D:2)
  4 giant newts
  6 goblins
  4 jackals (D:3)
  7 rats
45 creatures vanquished.

Notes
Turn   | Place    | Note
--------------------------------------------------------------
     0 | D:1      | Ragg, the Gargoyle Berserker, began the quest for the Orb.
     0 | D:1      | Reached XP level 1. HP: 14/14 MP: 0/0
   157 | D:1      | Reached XP level 2. HP: 17/19 MP: 1/1
   659 | D:2      | Reached XP level 3. HP: 24/24 MP: 2/2
   702 | D:2      | Acquired Trog's second power
   828 | D:2      | Found a basalt altar of Yredelemnul.
   924 | D:2      | Reached skill level 4 in Maces & Flails
  1089 | D:2      | Reached XP level 4. HP: 22/28 MP: 3/3
  1898 | D:3      | HP: 1/29 [adder (3)]
  1905 | D:3      | Slain by an adder

Action                   |  1- 3 |  4- 6 || total
-------------------------+-------+-------++-------
Melee: Mace              |    68 |    41 ||   109
  Use: Scroll            |     5 |     3 ||     8
